 Dungeon Crawl Stone Soup version 0.25-a0-578-gc91f01c39c (webtiles) character file.

Game seed: 9951967895867535904, levelgen mode: deterministic

28 Emblim88 the Skirmisher (level 3, 0/42 HPs)
             Began as an Ogre Fighter on Mar 4, 2020.
             Slain by a gnoll (2 damage)
             ... on level 2 of the Dungeon.
             The game lasted 00:02:25 (1017 turns).

Emblim88 the Skirmisher (Ogre Fighter)              Turns: 1017, Time: 00:02:26

Health: 0/42       AC:  3    Str: 21    XL:     3   Next: 12%
Magic:  3/3        EV:  8    Int:  9    God:
Gold:   33         SH:  8    Dex:  8    Spells: 2/2 levels left

rFire    . . .     SeeInvis .   h - +1 mace (holy)
rCold    . . .     Gourm    .   c - +0 kite shield
rNeg     . . .     Faith    .   b - +0 robe
rPois    .         Spirit   .   (helmet restricted)
rElec    .         Reflect  .   (no cloak)
rCorr    .         Harm     .   (gloves unavailable)
MR       .....                  (boots unavailable)
Stlth    +.........             (no amulet)
HPRegen  0.14/turn              (no ring)
MPRegen  0.08/turn              (no ring)

@: mighty
A: large, unfitting armour, tough skin 1
a: no special abilities


You were on level 2 of the Dungeon.
You were not hungry.

You visited 1 branch of the dungeon, and saw 2 of its levels.

You collected 33 gold pieces.

Inventory:

Hand Weapons
 h - a +1 mace of holy wrath (weapon)
Armour
 b - a +0 robe (worn)
 c - a +0 kite shield (worn)
Scrolls
 a - a scroll of fog {unknown}
 g - a scroll of blinking {unknown}
 i - a scroll of immolation {unknown}
Potions
 e - a potion of flight {unknown}
 j - a potion of mutation {unknown}
 k - a potion of ambrosia {unknown}
Comestibles
 f - 2 rations


   Skills:
 * Level 5.6 Fighting
 - Level 1.7 Maces & Flails
 - Level 2.6 Dodging
 - Level 2.6 Shields


You had 2 spell levels left.
You didn't know any spells.
Your spell library was empty.

Dungeon Overview and Level Annotations

Branches:
Dungeon (2/15)

Altars:
Qazlal


Innate Abilities, Weirdness & Mutations

You are too large for most types of armour.
You have tough skin. (AC +1)


Message History

You block the gnoll's attack.
Your shield prevents you from hitting the gnoll.
The gnoll is moderately wounded.
The gnoll hits you.
You barely miss the gnoll.
The gnoll is moderately wounded.
The gnoll hits you.
The gnoll hits you from afar with a +0 halberd!
You sock the gnoll!
The gnoll is almost dead.
You block the gnoll's attack.
The gnoll hits you from afar with a +0 halberd!
* * * LOW HITPOINT WARNING * * *
The gnoll hits you.
* * * LOW HITPOINT WARNING * * *
You feel very mighty all of a sudden.
The gnoll hits you from afar with a +0 halberd!
* * * LOW HITPOINT WARNING * * *
The gnoll hits you.
You die...

##### #.... #....
###....####################
......gggg@................
###....####################
#.... ##### ############
..........# .....###.#


You could see 4 gnolls.

Vanquished Creatures
  A dart slug (D:1)
  A leopard gecko (D:1)
  A bat (D:1)
  3 giant cockroaches
  A hobgoblin (D:2)
  7 jackals (D:1)
  A ball python (D:1)
  A goblin (D:1)
  3 kobolds
  3 rats (D:1)
22 creatures vanquished.

Notes
Turn   | Place    | Note
-------+----------+-------------------------------------------
     0 | D:1      | Emblim88 the Ogre Fighter began the quest for the Orb.
     0 | D:1      | Reached XP level 1. HP: 24/24 MP: 1/1
   128 | D:1      | Reached XP level 2. HP: 27/33 MP: 2/2
   162 | D:1      | Reached skill level 5 in Fighting
   457 | D:1      | Reached XP level 3. HP: 38/42 MP: 3/3
   978 | D:2      | Found a stormy altar of Qazlal.
  1017 | D:2      | HP: 2/42 [gnoll/+0 halberd (9)]
  1017 | D:2      | Slain by a gnoll

Levels and vault maps discovered:
D:1:      tarquinn_simple_flora_water_d, layout_loops_ring
D:2:      layout_basic, grunt_qazlal_sundering

Skill      XL: |  1  2 |
---------------+-------+-----
Fighting       | 5 |  5.6
Maces & Flails | |  1.7
Dodging        | |  2.6
Shields        | |  2.6

Action                   || total
-------------------------++-------
Melee: Mace              ||    74
       Flail             ||     8
  Use: Potion            ||     1
Armor: Robe              ||    18
Dodge: Dodged            ||    32
Block: Kite shield       ||    45

Table legend:
 A = Non-vault XP
 B = Vault XP
 C = Vault XP percentage of total XP
 D = Non-vault monster count
 E = Vault monster count
 F = Vault count percentage of total count
                 A         B        C        D         E       F
            +---------+---------+-------+---------+---------+-------
      Total |      40 |       0 |   0.0 |      22 |       0 |   0.0
            +---------+---------+-------+---------+---------+-------
        D:1 |      34 |       0 |   0.0 |      19 |       0 |   0.0
        D:2 |       6 |       0 |   0.0 |       3 |       0 |   0.0
            +---------+---------+-------+---------+---------+-------
